 Dungeon Crawl Stone Soup version 0.25-a0-545-ge4db218afc (webtiles) character file.

Game seed: 2181339572406937138, levelgen mode: deterministic

380704 DerDa the Devastator (level 21, -18/154 HPs)
             Began as a Demonspawn Fire Elementalist on Feb 21, 2020.
             Was an Elder of Sif Muna.
             Demolished by a vampire knight
             ... wielding a +0 bardiche
              (35 damage)
             ... on level 2 of the Depths.
             The game lasted 04:41:52 (56556 turns).

DerDa the Devastator (DsFE)                        Turns: 56556, Time: 04:41:52

Health: -18/154    AC:  7    Str: 13    XL:     21   Next: 89%
Magic:  33/41      EV: 24    Int: 35    God:    Sif Muna [****..]
Gold:   5102       SH:  9    Dex: 19    Spells: 8/53 levels left

rFire    + + +     SeeInvis .   d - +6 demon trident of Ragnarok {venom, Int+9 Dex+5}
rCold    + + .     Gourm    .   D - +3 buckler {rC+ rF+}
rNeg     + . .     Faith    .   t - +2 robe {rC+ rF+}
rPois    +         Spirit   .   (no helmet)
rElec    .         Reflect  .   X - scarf {cloud immunity}
rCorr    .         Harm     .   (gloves unavailable)
MR       +....                  l - +2 pair of boots {Fly}
Stlth    +++.......             i - amulet of magic regeneration
HPRegen  0.35/turn              v - ring "Acaeph" {Wiz +Fly Str+4 Stlth+}
MPRegen  0.52/turn              I - ring of poison resistance

@: flying, repel missiles
A: claws 3, repulsion field 3, demonic guardian 2, fire resistance 1, negative
energy resistance 1, 50% torment resistance, flame cloud immunity
}: 2/15 runes: decaying, gossamer
a: Channel Magic, Forget Spell, Divine Exegesis, Renounce Religion, Stop Flying


You were on level 2 of the Depths.
You worshipped Sif Muna.
Sif Muna was greatly pleased with you.
You were not hungry.

You visited 9 branches of the dungeon, and saw 40 of its levels.
You visited 1 bazaar.
You also visited: Sewer and Ice Cave.

You collected 7171 gold pieces.
You spent 2069 gold pieces at shops.

Inventory:

Hand Weapons
 d - the +6 demon trident of Ragnarok (weapon) {venom, Int+9 Dex+5}
   (You found it in an ice cave)

   It poisons the flesh of those it strikes.
   It affects your intelligence (+9).
   It affects your dexterity (+5).
 H - a +4 hand crossbow
 K - the +11 mace of Bir Nusm {venom, +Blink rPois Dex+7 Stlth-}
   (You took it off a deep elf high priest on level 3 of the Elven Halls)

   It poisons the flesh of those it strikes.
   It affects your dexterity (+7).
   It protects you from poison.
   It lets you blink.
   It makes you less stealthy.
Missiles
 V - 590 bolts
Armour
 l - a +2 pair of boots of flying (worn)
 m - the +1 robe "Dooxtad" {rF+ rN+++ Str-3 SInv}
   (You bought it in a shop in a bazaar)

   It affects your strength (-3).
   It protects you from fire.
   It renders you almost immune to negative energy.
   It lets you see invisible.
   If you switch to wearing this armour, your AC will decrease by 1 (7 -> 6).
 t - a +2 robe of resistance (worn)
 D - a +3 buckler of resistance (worn)
 X - a scarf of cloud immunity (worn)
Magical Staves
 Q - an uncursed staff of energy
Jewellery
 a - a +6 ring of intelligence
 e - an uncursed ring of magical power
 g - an uncursed amulet of the gourmand
 i - an amulet of magic regeneration (around neck)
 j - a +4 amulet of reflection
 k - an uncursed ring of protection from magic
 u - a cursed ring of see invisible
 v - the ring "Acaeph" (left claw) {Wiz +Fly Str+4 Stlth+}
   (You acquired it on level 8 of the Dungeon)

   [ring of wizardry]

   It improves your spell success rate.
   It affects your strength (+4).
   It lets you fly.
   It makes you more stealthy.
 I - a ring of poison resistance (right claw)
 J - an uncursed ring of protection from cold
Wands
 p - a wand of iceblast (25)
 q - a wand of acid (20)
 w - a wand of disintegration (39)
 N - a wand of digging (9)
 O - a wand of enslavement (26)
 P - a wand of paralysis (28)
 U - a wand of polymorph (16)
Scrolls
 b - 29 scrolls of remove curse
 h - a scroll of blinking
 n - 31 scrolls of teleportation
 s - 6 scrolls of enchant weapon
 x - 5 scrolls of immolation
 B - 9 scrolls of magic mapping
 F - 2 scrolls of enchant armour
 L - 2 scrolls of summoning
 M - 9 scrolls of fog
 R - 7 scrolls of identify
 S - 3 scrolls of fear
Potions
 f - 15 potions of curing
 o - 5 potions of might
 y - 5 potions of ambrosia
 z - 2 potions of resistance
 A - 4 potions of magic
 C - 4 potions of haste
 E - 9 potions of brilliance
 G - 4 potions of heal wounds
 T - 4 potions of cancellation
 W - a potion of mutation
Miscellaneous
 r - 2 phantom mirrors
Comestibles
 c - 58 rations
 Y - 11 chunks of flesh


   Skills:
 + Level 10.6 Fighting
 + Level 9.9 Dodging
 - Level 1.7 Stealth
 - Level 4.0 Shields
 * Level 16.7 Spellcasting
 * Level 17.8 Conjurations
 - Level 8.0 Charms
 - Level 5.0 Transmutations
 * Level 16.4 Fire Magic
 - Level 7.0 Ice Magic
 - Level 7.0 Air Magic
 - Level 6.0 Earth Magic
 + Level 14.3 Invocations
 - Level 8.0 Evocations


You had 8 spell levels left.
You knew the following spells:

 Your Spells              Type           Power        Failure   Level  Hunger
a - Foxfire               Conj/Fire      ####         0%          1    None
b - Sticky Flame          Conj/Fire      #######.     0%          4    None
c - Fireball              Conj/Fire      #######...   1%          5    None
d - Orb of Destruction    Conj           ########..   1%          7    ###....
e - Iron Shot             Conj/Erth      #######...   1%          6    None
f - Iskenderun's Battles  Conj/Chrm      #######.     1%          5    None
g - Starburst             Conj/Fire      #######...   1%          6    None
h - Irradiate             Conj/Tmut      #######...   1%          5    None
i - Freezing Cloud        Conj/Ice/Air   #######...   1%          6    None

Your spell library contained the following spells:

 Spells                   Type           Power        Failure   Level  Hunger
 Magic Dart               Conj           ####         0%          1    None
 Shock                    Conj/Air       ####         0%          1    None
 Searing Ray              Conj           ######       0%          2    None
 Conjure Flame            Conj/Fire      #######.     0%          3    None
 Static Discharge         Conj/Air       #######.     0%          3    None
 Animate Skeleton         Necr           N/A          1%          1    None
 Apportation              Tloc           ####..       1%          1    None
 Beastly Appendage        Tmut           ######       1%          1    None
 Corona                   Hex            ####...      1%          1    None
 Freeze                   Ice            ####         1%          1    None
 Infusion                 Chrm           ####         1%          1    None
 Pain                     Necr           ####         1%          1    None
 Sandblast                Erth           ######       1%          1    None
 Sting                    Tmut/Pois      ####         1%          1    None
 Summon Small Mammal      Summ           ####         1%          1    None
 Blink                    Tloc           N/A          1%          2    None
 Call Imp                 Summ           ####....     1%          2    None
 Corpse Rot               Necr/Air       N/A          1%          2    None
 Ensorcelled Hibernation  Hex/Ice        ######       1%          2    None
 Passwall                 Tmut/Erth      ######..     1%          2    None
 Poisonous Vapours        Pois/Air       ######       1%          2    None
 Shroud of Golubria       Chrm/Tloc      ######       1%          2    None
 Sticks to Snakes         Tmut           ######..     1%          2    None
 Sublimation of Blood     Necr           ####......   1%          2    None
 Swiftness                Chrm/Air       ######..     1%          2    None
 Call Canine Familiar     Summ           ####....     1%          3    None
 Confusing Touch          Hex            ####....     1%          3    None
 Dazzling Flash           Conj/Hex       ######       1%          3    None
 Frozen Ramparts          Ice            ######       1%          3    None
 Gell's Gravitas          Tloc           ####......   1%          3    None
 Ignite Poison            Fire/Tmut/Pois ######..     1%          3    None
 Inner Flame              Hex/Fire       ######..     1%          3    None
 Lesser Beckoning         Tloc           ####......   1%          3    None
 Mephitic Cloud           Conj/Pois/Air  ######..     1%          3    None
 Ozocubu's Armour         Chrm/Ice       ######..     1%          3    None
 Portal Projectile        Hex/Tloc       ####..       1%          3    None
 Recall                   Summ/Tloc      N/A          1%          3    None
 Spectral Weapon          Hex/Chrm       ######..     1%          3    None
 Spider Form              Tmut/Pois      #####.....   1%          3    None
 Stone Arrow              Conj/Erth      ######       1%          3    None
 Summon Guardian Golem    Hex/Summ       ####....     1%          3    None
 Teleport Other           Tloc           ####....     1%          3    None
 Vampiric Draining        Necr           ####......   1%          3    None
 Fulminant Prism          Conj/Hex       #######...   1%          4    None
 Hailstorm                Conj/Ice       #######.     1%          4    None
 Ice Form                 Ice/Tmut       ######..     1%          4    None
 Iskenderun's Mystic Bla  Conj/Tloc      #######.     1%          4    None
 Leda's Liquefaction      Hex/Erth       ######....   1%          4    None
 Petrify                  Tmut/Erth      ######..     1%          4    None
 Summon Ice Beast         Ice/Summ       ######..     1%          4    None
 Summon Lightning Spire   Summ/Air       ######..     1%          4    None
 Blade Hands              Tmut           ######....   1%          5    None
 Bolt of Magma            Conj/Fire/Erth #######...   1%          5    None
 Lee's Rapid Deconstruct  Erth           ######....   1%          5    None
 Lightning Bolt           Conj/Air       #######...   1%          5    None
 Conjure Ball Lightning   Conj/Air       #######...   1%          6    None
 Excruciating Wounds      Chrm/Necr      ######....   2%          5    None
 Ring of Flames           Chrm/Fire      #######...   2%          7    ###....
 Metabolic Englaciation   Hex/Ice        ######....   3%          5    None
 Deflect Missiles         Chrm/Air       ######....   3%          6    None
 Animate Dead             Necr           N/A          4%          4    None
 Cause Fear               Hex            ####......   4%          4    None
 Dispel Undead            Necr           ####....     4%          4    None
 Olgreb's Toxic Radiance  Pois           ####....     4%          4    None
 Passage of Golubria      Tloc           N/A          4%          4    None
 Alistair's Intoxication  Tmut/Pois      #####...     4%          5    None
 Yara's Violent Unravell  Hex/Tmut       #####.....   4%          5    None
 Ozocubu's Refrigeration  Ice            ######....   4%          6    None
 Ignition                 Fire           #######...   4%          8    #####..
 Statue Form              Tmut/Erth      ######...    9%          6    None
 Spellforged Servitor     Conj/Summ      #######...   11%         7    ###....
 Agony                    Necr           ####....     14%         5    None
 Aura of Abjuration       Summ           ####......   14%         5    None
 Summon Demon             Summ           ####......   14%         5    None
 Summon Forest            Summ/Tloc      ####......   14%         5    None
 Summon Mana Viper        Hex/Summ       ####....     14%         5    None
 Simulacrum               Ice/Necr       ######....   17%         6    None
 Chain Lightning          Conj/Air       #######...   21%         8    #####..
 Lehudib's Crystal Spear  Conj/Erth      #######...   24%         8    #####..
 Eringya's Noxious Bog    Tmut/Pois      #####.....   26%         6    None
 Dragon Form              Tmut           ######....   45%         7    ###....
 Darkness                 Hex            ####......   56%         6    None
 Dispersal                Tloc           ####......   56%         6    None
 Invisibility             Hex            ####....     56%         6    None
 Shadow Creatures         Summ           N/A          56%         6    None
 Death's Door             Chrm/Necr      ######....   99%         8    #####..
 Controlled Blink         Tloc           N/A          100%        8    #####..
 Necromutation            Tmut/Necr      #####.....   100%        8    #####..
 Fire Storm               Conj/Fire      #######...   38%         9    ######.
 Glaciate                 Conj/Ice       #######...   95%         9    ######.
 Dragon's Call            Summ           ####......   100%        9    ######.
 Shatter                  Erth           ######....   100%        9    ######.
 Tornado                  Air            ######....   100%        9    ######.


Dungeon Overview and Level Annotations

Branches:
Dungeon (15/15)            Temple (1/1) D:4            Lair (6/6) D:9
  Swamp (4/4) Lair:3       Spider (4/4) Lair:2        Slime (0/5) Lair:6
    Orc (2/2) D:10            Elf (3/3) Orc:2        Vaults (3/5) D:13
  Crypt (0/3) Vaults:2     Depths (2/5) D:15          Sewer (visited)
  IceCv (visited)

Altars:
Ashenzari
Cheibriados
Dithmenos
Elyvilon
Fedhas
Gozag
Hepliaklqana
Kikubaaqudgha
Makhleb
Nemelex Xobeh
Okawaru
Qazlal
Ru
Sif Muna
Trog
Uskayaw
Vehumet
Wu Jian
Xom
Yredelemnul
Zin
The Shining One
Jiyva

Shops:
D:4 %:*   D:7 *   D:9 ?   Orc:1 ?   Orc:2 =}%%   Vaults:2 (

Portals:
Hell: Depths:1

Annotations:
Vaults:3 Mennas


Innate Abilities, Weirdness & Mutations

You have claws for hands.
You are surrounded by a strong repulsion field. (EV +4, RMsl)
A demonic guardian rushes to your aid.
Your flesh is heat resistant. (rF+)
You resist negative energy. (rN+)
You are somewhat able to resist unholy torments (1 in 2 success).
You are immune to clouds of flame.


Message History

The spriggan berserker hits your sixfirhy with the +10 long sword of the Living Dead {elec, Dex+2}!!
The death yak gores you!
Your sixfirhy hits the spriggan berserker!
The spriggan berserker dies!
Sif Muna accepts your kill.
The death yak is no longer berserk.
The death yak disappears in a puff of smoke!
The death yak is no longer berserk.
The death yak disappears in a puff of smoke!
Unholy energy fills the air.
Something hits you!!
* * * LOW HITPOINT WARNING * * *
Something bites you!
* * * LOW HITPOINT WARNING * * *
Something draws strength from your injuries!
Something completely misses you. Something bites you.
* * * LOW HITPOINT WARNING * * *
You can move again.
Unknown command.
You swap places.
Something hits you!!
You die...

^###### #.....# #..#
#. #.......#.....#
#.##
#......%#.....###.##
#.......#.....##...#
#.......#.....#..#.#
#.......#(....#.####
#......?#.....#.##
.#.....))#.)...#..#
#......@3).....#..##
.#.......#)....##..#
#......$#.....#...#
#.......#.....#...#
#.......#[....##.##
#.......#.....##.#
#.......#.....#..##
#.
#.......#...(.#...#
^######
#.......#.....##..##


You could see a friendly sixfirhy.

Vanquished Creatures
  Sojobo (Vaults:3)
  A caustic shrike (Depths:2)
  Saint Roka (Vaults:1)
  The ghost of Veres the Earth Mage, a veteran GrEE of Vehumet (D:15)
  Arachne (Spider:2)
  A tentacled monstrosity (Depths:2)
  2 deep elf blademasters
  Frances (D:12)
  2 deep elf master archers (Elf:3)
  A sphinx (Depths:2)
  The ghost of Piu the Cardsharp, an adept GnIE of Nemelex Xobeh (Elf:3)
  3 thorn hunters
  4 tengu reavers
  Kirke (Spider:3)
  2 deep elf sorcerers (Elf:3)
  2 fire giants
  6 deep elf elementalists (Elf:3)
  7 frost giants
  2 vault wardens
  A caustic shrike zombie (Depths:2)
  3 ghost moths
  The ghost of Mieshur the Tortoise, a journeyman MiBe of Trog (Spider:1)
  5 emperor scorpions
  6 very ugly things
  A reaper (IceCv)
  6 ironheart preservers
  8 stone giants
  A war gargoyle (Vaults:2)
  The ghost of dvd2 the Geomancer, a journeyman TrEE of Sif Muna (Lair:3)
  A vampire knight (Depths:2)
  An entropy weaver (Spider:4)
  7 deep elf demonologists
  12 deep elf annihilators
  A minotaur (Orc:2)
  2 spark wasps
  The ghost of terminal the Blocker, a journeyman DrFi of Nemelex Xobeh (Orc:2)
  A merfolk javelineer (Depths:2)
  2 fire dragons
  6 ettins
  3 deep elf death magi (Elf:3)
  Snorg (D:14)
  3 jiangshi (Depths:1)
  Erolcha (D:10)
  5 deep elf high priests (Elf:3)
  A yaktaur captain (Vaults:1)
  4 great orbs of eyes
  Fannar (D:10)
  4 spriggan air magi (Depths:2)
  18 hydras
  2 catoblepae (Lair:6)
  A caustic shrike simulacrum (Depths:2)
  2 rakshasas
  4 shambling mangroves
  6 ice dragons
  6 ghost crabs
  13 two-headed ogres
  12 centaur warriors
  8 alligators
  2 tengu warriors
  3 death knights
  7 deep troll shamans
  4 deep troll earth magi
  5 ogre magi
  3 spriggan berserkers
  7 death yaks (Lair:6)
  21 dancing weapons
  3 orc high priests
  A vampire mage (Depths:1)
  Urug (Lair:3)
  Sonja (D:13)
  A fire crab (shapeshifter) (Depths:2)
  2 iron trolls (Depths:1)
  22 deep elf knights
  3 skeletal warriors
  17 deep trolls
  5 wizards
  4 spriggan druids
  5 unseen horrors
  19 deep elf archers
  A glowing orange brain (Depths:1)
  12 swamp dragons
  A flayed ghost (Vaults:1)
  17 orb spiders
  4 harpies (Vaults:1)
  6 ironbrand convokers
  4 phantasmal warriors
  10 orc knights
  A harpy (shapeshifter) (Vaults:3)
  71 deep elf magi
  2 necromancers (Vaults:1)
  A frost giant zombie (Depths:2)
  18 ugly things
  A faun (shapeshifter) (Elf:3)
  6 orc sorcerers
  An oklob plant (Lair:2)
  3 manticores
  36 wolf spiders
  6 cyclopes
  2 moths of wrath
  3 ice statues
  6 elephants
  2 centaur zombies (D:12)
  8 vault sentinels
  4 black mambas
  Joseph (D:7)
  The ghost of astraldaughter the Gouger, a novice FeMo of Sif Muna (D:8)
  2 kobold demonologists (Swamp:1)
  A spiny frog (shapeshifter) (Vaults:1)
  A gargoyle (D:13)
  12 spiny frogs
  4 spectral swamp worms (Depths:1)
  An efreet (D:15)
  2 rime drakes
  2 yaktaur zombies (Vaults:1)
  5 komodo dragons
  23 yaktaurs
  A rime drake (shapeshifter) (Vaults:3)
  16 demonic crawlers
  The ghost of loom the Cudgeler, an amateur TrMo (D:5)
  16 ice devils
  3 tengu conjurers
  21 jumping spiders
  9 trolls
  A harpy zombie (D:15)
  A polar bear (shapeshifter) (Vaults:2)
  14 tyrant leeches
  A merfolk (shapeshifter) (Depths:2)
  3 polar bears
  2 queen bees
  A shadow dragon simulacrum (Depths:2)
  2 meliai (shapeshifter)
  19 hornets
  A tengu simulacrum (Vaults:1)
  36 slime creatures
  7 bog bodies
  A fire giant simulacrum (Vaults:2)
  5 dream sheep (Lair:6)
  8 hippogriffs
  16 blink frogs
  4 shadows
  Sigmund (D:6)
  4 air elementals
  A spriggan (shapeshifter) (Vaults:3)
  34 tarantellas
  60 redbacks
  A spriggan skeleton (Depths:2)
  15 water elementals
  A vampire (D:7)
  8 hogs
  3 spriggans
  A wyvern (D:12)
  44 yaks
  A golden eye (shapeshifter) (Depths:2)
  3 wraiths
  5 basilisks
  3 fire elementals
  4 vampire mosquitoes
  2 hungry ghosts
  2 humans
  9 wargs
  9 swamp worms
  An acid dragon (D:14)
  7 insubstantial wisps
  6 water moccasins
  A floating eye (Depths:2)
  An ogre skeleton (Vaults:1)
  A water moccasin (shapeshifter) (D:13)
  A floating eye (shapeshifter) (Depths:1)
  31 orc warriors
  6 porcupines
  17 swamp drakes
  2 sky beasts
  2 black bears
  A phantom (D:6)
  An ice beast (D:11)
  6 wolves
  5 boggarts
  18 ogres
  2 eyes of draining
  27 centaurs
  8 crocodiles
  6 earth elementals
  A big kobold (Sewer)
  18 bullfrogs
  A wyvern zombie (D:5)
  2 human skeletons (Vaults:1)
  A yaktaur skeleton (Vaults:1)
  A water moccasin skeleton (D:5)
  A wyvern skeleton (D:15)
  4 scorpions
  59 killer bees
  2 human simulacra
  4 electric eels
  3 howler monkeys
  5 crimson imps
  4 bullfrog zombies
  6 hounds
  A jelly (D:7)
  25 orc priests
  6 centaur skeletons
  2 iguanas
  47 orc wizards
  4 worker ants
  2 hound skeletons
  A howler monkey zombie (D:5)
  12 adders
  2 river rats (Sewer)
  3 shadow imps
  6 white imps (IceCv)
  16 ufetubi
  2 oozes
  An adder zombie (D:5)
  7 worms
  3 dart slugs
  5 leopard geckos
  95 orcs
  12 bats
  4 giant cockroaches
  8 goblins
  10 hobgoblins
  15 jackals
  4 quokkas
  3 ball pythons
  7 frilled lizards
  19 kobolds
  A leopard gecko zombie (D:8)
  A quokka skeleton (D:10)
  9 rats
  2 briar patches (Swamp:3)
1616 creatures vanquished.

Vanquished Creatures (collateral kills)
  A deep elf blademaster (Elf:3)
  A sphinx (Depths:2)
  3 ironheart preservers (Vaults:2)
  A fire dragon (Depths:2)
  A great orb of eyes (Vaults:1)
  2 hydras
  A shambling mangrove (Swamp:3)
  A death knight (Vaults:2)
  An ice dragon (Depths:2)
  A centaur warrior (D:13)
  A catoblepas (Lair:6)
  An alligator (Swamp:3)
  2 two-headed ogres
  A deep troll shaman (Depths:2)
  2 death yaks (Lair:6)
  A spriggan berserker (Depths:2)
  A deep elf knight (Vaults:2)
  3 skeletal warriors (D:14)
  An unseen horror (D:12)
  A swamp dragon (Swamp:4)
  A deep troll (Depths:1)
  A deep elf archer (Elf:3)
  An orc knight (Vaults:3)
  A necromancer (Depths:2)
  2 wolf spiders
  2 oklob plants (Lair:2)
  A fire giant zombie (Vaults:1)
  An orb spider (Spider:1)
  4 deep elf magi
  4 ugly things
  6 elephants
  A vault sentinel (Vaults:2)
  A spectral swamp worm (Depths:1)
  2 spiny frogs (Lair:6)
  A rime drake (Lair:6)
  3 komodo dragons
  A demonic crawler (Spider:1)
  A troll (D:12)
  2 jumping spiders (Spider:3)
  A bog body (Swamp:4)
  2 slime creatures
  A blink frog (Lair:1)
  A hippogriff (Lair:4)
  A spriggan (Swamp:4)
  3 redbacks
  15 yaks
  A warg (Orc:1)
  An acid dragon (D:7)
  A porcupine (Lair:3)
  2 orc warriors
  An ice beast (D:5)
  A black bear (D:13)
  An ogre (Vaults:2)
  A crocodile (Lair:4)
  2 centaurs
  A big kobold (D:9)
  4 killer bees (D:13)
  A hound (D:2)
  2 orc priests
  4 orc wizards
  A hound skeleton (D:9)
  A leopard gecko (D:4)
  7 orcs
  A bat (D:5)
  A hobgoblin (D:2)
  A jackal (D:8)
  2 kobolds
  A plant (Lair:2)
125 creatures vanquished.

Vanquished Creatures (others)
  A deep elf archer (Elf:2)
  A deep elf mage (Elf:2)
  A slime creature (D:15)
  2 orc wizards
  4 white imps (IceCv)
  An ufetubus (IceCv)
  1458 foxfires
  21 fungi
  10 plants (Lair:6)
1499 creatures vanquished.

Grand Total: 3240 creatures vanquished

Notes
Turn   | Place    | Note
-------+----------+-------------------------------------------
     0 | D:1      | DerDa the Demonspawn Fire Elementalist began the quest for
                  | the Orb.
     0 | D:1      | Reached XP level 1. HP: 13/13 MP: 3/3
   149 | D:1      | Gained mutation: A weak demonic guardian rushes to your
                  | aid. [demonic ancestry]
   149 | D:1      | Reached XP level 2. HP: 13/19 MP: 0/5
   551 | D:1      | Reached XP level 3. HP: 9/24 MP: 0/6
  1135 | D:2      | Reached skill level 2 in Conjurations
  1279 | D:2      | Gained mutation: Your flesh is heat resistant. (rF+)
                  | [demonic ancestry]
  1279 | D:2      | Reached XP level 4. HP: 13/30 MP: 2/8
  1976 | D:2      | Found a snail-covered altar of Cheibriados.
  2043 | D:3      | Learned a level 4 spell: Sticky Flame
  2091 | D:3      | Found a bloodstained altar of Trog.
  2151 | D:3      | Gained mutation: You are surrounded by a mild repulsion
                  | field. (EV +2) [demonic ancestry]
  2151 | D:3      | Reached XP level 5. HP: 34/35 MP: 0/9
  2248 | D:3      | Reached skill level 3 in Conjurations
  2424 | D:3      | Noticed a centaur
  2434 | D:3      | Killed a centaur
  2886 | D:4      | Gained mutation: You are immune to clouds of flame.
                  | [demonic ancestry]
  2886 | D:4      | Reached XP level 6. HP: 36/41 MP: 1/11
  3053 | D:4      | Found a staircase to the Ecumenical Temple.
  3075 | D:5      | Entered Level 5 of the Dungeon
  3099 | Temple   | Entered the Ecumenical Temple
  3126 | Temple   | Became a worshipper of Sif Muna the Loreminder
  3306 | D:5      | Reached skill level 4 in Conjurations
  3348 | D:5      | Found a sacrificial altar of Ru.
  3397 | D:5      | Gained mutation: You have sharp fingernails. [demonic
                  | ancestry]
  3397 | D:5      | Reached XP level 7. HP: 18/46 MP: 10/13
  3455 | D:5      | Found a glowing drain.
  3470 | Sewer    | Entered a sewer
  3621 | Sewer    | Reached * piety under Sif Muna
  3695 | Sewer    | Reached skill level 5 in Fire Magic
  4040 | D:5      | Learned a level 5 spell: Fireball
  4135 | D:5      | Found a runed translucent gate.
  4137 | D:5      | Found a runed translucent gate.
  4138 | D:5      | Found a runed translucent gate.
  4138 | D:5      | Noticed loom's ghost (amateur TrMo)
  4433 | D:4      | Found Quebaulu's Food Shop.
  4517 | D:4      | Reached skill level 5 in Conjurations
  4556 | D:4      | Found Iddaweba's Assorted Antiques.
  4561 | D:4      | Bought a fuming dark potion for 18 gold pieces
  4561 | D:4      | Bought a scroll labeled HAMUOPS UMYTI for 20 gold pieces
  4561 | D:4      | Bought a sheer robe for 114 gold pieces
  4576 | D:4      | Identified the cursed +1 robe of Exclusion {MR+} (You
                  | bought it in a shop on level 4 of the Dungeon)
  4619 | D:4      | Reached skill level 5 in Spellcasting
  4769 | D:4      | Found Oneck's Book Shop.
  4780 | D:4      | Found a burning altar of Makhleb.
  4903 | D:6      | Reached XP level 8. HP: 51/52 MP: 10/15
  4936 | D:6      | Found a basalt altar of Yredelemnul.
  5422 | D:6      | Reached skill level 6 in Conjurations
  5502 | D:6      | Reached ** piety under Sif Muna
  5638 | D:6      | Noticed Sigmund
  5652 | D:6      | Killed Sigmund
  5694 | D:6      | Identified a scroll of acquirement
  5918 | D:7      | Gained mutation: You have very sharp fingernails. [demonic
                  | ancestry]
  5918 | D:7      | Reached XP level 9. HP: 51/57 MP: 13/18
  6268 | D:7      | Reached skill level 7 in Conjurations
  6555 | D:7      | Found Iheaq's Assorted Antiques.
  6563 | D:7      | Bought a scroll labeled PAMNYPT YSHRUM for 30 gold pieces
  6563 | D:7      | Bought an orange potion for 27 gold pieces
  6563 | D:7      | Bought a murky emerald potion for 27 gold pieces
  6688 | D:7      | Noticed Joseph
  6696 | D:7      | Killed Joseph
  6971 | D:7      | Noticed a cyan ugly thing
  6984 | D:7      | Killed a cyan ugly thing
  7020 | D:7      | Reached skill level 8 in Conjurations
  7318 | D:8      | Found a large runed translucent door.
  7318 | D:8      | Found a large runed translucent door.
  7318 | D:8      | Noticed astraldaughter's ghost (novice FeMo)
  7619 | D:8      | Reached *** piety under Sif Muna
  7863 | D:8      | Gained mutation: You are surrounded by a moderate repulsion
                  | field. (EV +3) [demonic ancestry]
  7863 | D:8      | Reached XP level 10. HP: 58/63 MP: 6/21
  8827 | D:8      | Reached skill level 9 in Conjurations
  8975 | D:8      | Identified the ring "Acaeph" {Wiz +Fly Str+4 Stlth+} (You
                  | acquired it on level 8 of the Dungeon)
  9020 | D:9      | Found an iron altar of Okawaru.
  9420 | D:9      | Found Mynoleanwul's Magic Scroll Shop.
  9435 | D:9      | Bought a scroll of identify for 22 gold pieces
  9435 | D:9      | Bought a scroll of identify for 22 gold pieces
  9440 | D:9      | Noticed a deep elf mage
  9444 | D:9      | Killed a deep elf mage
  9444 | D:9      | Reached skill level 1 in Shields
  9444 | D:9      | Reached skill level 1 in Invocations
  9582 | D:8      | Reached skill level 1 in Evocations
  9904 | D:9      | Reached **** piety under Sif Muna
  9930 | D:9      | Reached XP level 11. HP: 66/68 MP: 0/24
 10014 | D:9      | Noticed an unseen horror
 10017 | D:9      | Killed an unseen horror
 10274 | D:9      | Found a staircase to the Lair.
 10432 | D:9      | Found a hazy altar of Hepliaklqana.
 10578 | D:10     | Entered Level 10 of the Dungeon
 10578 | D:10     | Found a staircase to the Orcish Mines.
 10595 | D:10     | Reached skill level 10 in Conjurations
 10617 | D:10     | Noticed Erolcha
 10718 | D:10     | Killed Erolcha
 11130 | D:10     | Noticed Fannar
 11141 | D:10     | Killed Fannar
 11295 | D:10     | Noticed an unseen horror
 11296 | D:10     | Killed an unseen horror
 11296 | D:10     | Reached skill level 10 in Fire Magic
 11797 | D:11     | Noticed a two-headed ogre
 11803 | D:11     | Killed a two-headed ogre
 12128 | D:11     | Reached skill level 10 in Spellcasting
 12355 | D:11     | Gained mutation: A demonic guardian rushes to your aid.
                  | [demonic ancestry]
 12355 | D:11     | Reached XP level 12. HP: 70/74 MP: 17/26
 12983 | Lair:1   | Entered Level 1 of the Lair of Beasts
 12992 | Lair:1   | Reached skill level 5 in Invocations
 13601 | Lair:1   | Reached skill level 11 in Conjurations
 13706 | Lair:1   | Reached skill level 1 in Fighting
 14089 | Lair:2   | Reached ***** piety under Sif Muna
 14211 | Lair:2   | Received a gift from Sif Muna
 14261 | Lair:2   | Learned a level 7 spell: Orb of Destruction
 14268 | Lair:2   | Learned a level 6 spell: Iron Shot
 14385 | Lair:2   | Found a hole to the Spider Nest.
 14500 | Lair:2   | Learned a level 5 spell: Iskenderun's Battlesphere
 15222 | Lair:3   | Found a staircase to the Swamp.
 15413 | Lair:3   | Found a runed translucent gate.
 15413 | Lair:3   | Found a runed translucent gate.
 15416 | Lair:3   | Found a runed translucent gate.
 15419 | Lair:3   | Noticed dvd2's ghost (journeyman TrEE)
 15465 | Lair:3   | Gained mutation: You are surrounded by a strong repulsion
                  | field. (EV +4, RMsl) [demonic ancestry]
 15465 | Lair:3   | Reached XP level 13. HP: 85/85 MP: 8/27
 15527 | Lair:3   | Noticed Urug
 15588 | Lair:3   | You are sucked into a shaft and drop 2 floors!
 16562 | Lair:4   | Reached skill level 5 in Evocations
 17324 | Lair:4   | Identified Sif Muna's Collected Works on Transmigration and
                  | Confrontation (Sif Muna gifted it to you on level 4 of the
                  | Lair of Beasts)
 17324 | Lair:4   | Received a gift from Sif Muna
 17728 | Lair:3   | Killed Urug
 18066 | Lair:6   | Entered Level 6 of the Lair of Beasts
 18070 | Lair:6   | Reached skill level 12 in Conjurations
 18090 | Lair:5   | Reached skill level 1 in Earth Magic
 18942 | Lair:6   | Found a staircase to the Slime Pits.
 18942 | Lair:6   | Found a viscous altar of Jiyva.
 19219 | Lair:6   | Gained mutation: You have claws for hands. [demonic
                  | ancestry]
 19219 | Lair:6   | Reached XP level 14. HP: 95/95 MP: 5/29
 19271 | Lair:6   | Received a gift from Sif Muna
 20579 | Orc:1    | Entered Level 1 of the Orcish Mines
 20790 | Orc:2    | Entered Level 2 of the Orcish Mines
 20790 | Orc:2    | Found a runed translucent gate.
 20790 | Orc:2    | Found a runed translucent gate.
 20790 | Orc:2    | Found a runed translucent gate.
 20796 | Orc:2    | Noticed terminal's ghost (journeyman DrFi)
 20968 | Orc:2    | Found a frozen archway.
 20977 | IceCv    | Entered an ice cave
 21932 | IceCv    | Noticed a reaper
 21940 | IceCv    | Killed a reaper
 22024 | IceCv    | Got a transparent demon trident
 22174 | Orc:2    | Identified Sif Muna's Guide on Glacial Darkness (Sif Muna
                  | gifted it to you on level 2 of the Orcish Mines)
 22174 | Orc:2    | Received a gift from Sif Muna
 22536 | Orc:1    | Identified the +6 demon trident of Ragnarok {venom, Int+9
                  | Dex+5} (You found it in an ice cave)
 22661 | Orc:2    | Reached skill level 5 in Dodging
 22712 | Orc:2    | Reached skill level 5 in Fighting
 23360 | Orc:1    | Reached skill level 13 in Conjurations
 23749 | Orc:1    | Identified Sif Muna's Compendium of Malediction (Sif Muna
                  | gifted it to you on level 1 of the Orcish Mines)
 23749 | Orc:1    | Received a gift from Sif Muna
 23809 | Orc:1    | Found Nionacau's Magic Scroll Shoppe.
 23841 | Orc:1    | Bought a scroll of identify for 28 gold pieces
 23841 | Orc:1    | Bought a scroll of identify for 28 gold pieces
 23841 | Orc:1    | Bought a scroll of identify for 28 gold pieces
 23841 | Orc:1    | Bought a scroll of blinking for 105 gold pieces
 23841 | Orc:1    | Bought a scroll of enchant armour for 105 gold pieces
 24482 | Orc:2    | Found a staircase to the Elven Halls.
 24723 | Orc:2    | Found Suracsul's Gadget Shop.
 24723 | Orc:2    | Found Utaf's Food Boutique.
 24724 | Orc:2    | Found Nyttafe's Food Boutique.
 24727 | Orc:2    | Found Reatiz's Jewellery Shop.
 24733 | Orc:2    | Bought a cursed amulet of inaccuracy for 22 gold pieces
 24880 | Orc:2    | Killed terminal's ghost
 25016 | D:8      | Killed astraldaughter's ghost
 25243 | D:5      | Killed loom's ghost
 25502 | Lair:3   | Killed dvd2's ghost
 25858 | D:12     | Gained mutation: You resist negative energy. (rN+) [demonic
                  | ancestry]
 25858 | D:12     | Reached XP level 15. HP: 92/103 MP: 11/31
 26020 | D:12     | Noticed Frances
 26030 | D:12     | Killed Frances
 26555 | D:13     | Noticed Sonja
 26564 | D:13     | Identified Sif Muna's Tome of Battle Magic (Sif Muna gifted
                  | it to you on level 13 of the Dungeon)
 26564 | D:13     | Received a gift from Sif Muna
 26567 | D:13     | Killed Sonja
 26579 | D:13     | Learned a level 6 spell: Starburst
 27993 | D:13     | Found a gate to the Vaults.
 28839 | D:14     | Found a shimmering altar of Xom.
 28869 | D:14     | Reached skill level 10 in Invocations
 29222 | D:14     | Noticed Snorg
 29226 | D:14     | Killed Snorg
 29440 | D:15     | Entered Level 15 of the Dungeon
 29507 | D:15     | Received a gift from Sif Muna
 29858 | D:15     | Found a large runed translucent door.
 29858 | D:15     | Found a large runed translucent door.
 30370 | D:15     | Noticed a frost giant
 30376 | D:15     | Killed a frost giant
 30387 | D:15     | Found a staircase to the Depths.
 30463 | D:15     | Noticed Veres's ghost (veteran GrEE)
 30484 | D:15     | Killed Veres's ghost
 30484 | D:15     | Reached skill level 5 in Earth Magic
 30484 | D:15     | Reached XP level 16. HP: 72/113 MP: 3/33
 30696 | Swamp:1  | Entered Level 1 of the Swamp
 30738 | Swamp:1  | Learned a level 5 spell: Irradiate
 31359 | Swamp:1  | Reached skill level 14 in Conjurations
 31537 | Swamp:1  | Identified the +5 ring mail "Vuest" {+Inv rF++ Stlth+} (You
                  | acquired it on level 1 of the Swamp)
 31537 | Swamp:1  | Identified the Grimoire of Augmentations and Creation (You
                  | acquired it on level 1 of the Swamp)
 32220 | Swamp:2  | Received a gift from Sif Muna
 32767 | Swamp:3  | Noticed a thorn hunter
 32770 | Swamp:3  | Killed a thorn hunter
 32770 | Swamp:3  | Reached skill level 1 in Charms
 33010 | Swamp:3  | Noticed a thorn hunter
 33017 | Swamp:3  | Killed a thorn hunter
 33815 | Swamp:4  | Entered Level 4 of the Swamp
 34319 | Swamp:4  | Identified Sif Muna's Collected Works on the Blaze and
                  | Bewitchment (Sif Muna gifted it to you on level 4 of the
                  | Swamp)
 34319 | Swamp:4  | Received a gift from Sif Muna
 34334 | Swamp:4  | Noticed a thorn hunter
 34338 | Swamp:4  | Killed a thorn hunter
 34384 | Swamp:4  | Reached XP level 17. HP: 73/120 MP: 2/34
 35477 | Swamp:4  | Got a decaying rune of Zot
 35622 | Spider:1 | Entered Level 1 of the Spider Nest
 35932 | Spider:1 | Found a large runed translucent door.
 35932 | Spider:1 | Found a large runed translucent door.
 35933 | Spider:1 | Noticed Mieshur's ghost (journeyman MiBe)
 36030 | Spider:1 | Killed Mieshur's ghost
 36154 | Spider:1 | Identified a +1 pair of boots of running (You acquired it
                  | on level 1 of the Spider Nest)
 36512 | Spider:1 | Identified the +1 robe "Etaan" {Str+3} (You found it on
                  | level 1 of the Spider Nest)
 37311 | Spider:2 | Identified Dispater's Compendium of Ashen Confrontation
                  | (Sif Muna gifted it to you on level 2 of the Spider Nest)
 37311 | Spider:2 | Received a gift from Sif Muna
 37757 | Spider:2 | Noticed Arachne
 37773 | Spider:2 | Killed Arachne
 37773 | Spider:2 | Reached skill level 15 in Conjurations
 37773 | Spider:2 | Reached skill level 5 in Charms
 39001 | Spider:3 | Noticed Kirke
 39007 | Spider:3 | Killed Kirke
 39076 | Spider:4 | Entered Level 4 of the Spider Nest
 39442 | Spider:4 | Identified Sif Muna's Reference Book on Poisoning (Sif Muna
                  | gifted it to you on level 4 of the Spider Nest)
 39442 | Spider:4 | Received a gift from Sif Muna
 39930 | Spider:4 | Reached XP level 18. HP: 87/130 MP: 4/36
 40690 | D:4      | Bought a scroll of blinking for 150 gold pieces
 40917 | Vaults:1 | Entered Level 1 of the Vaults
 41230 | Vaults:1 | Paralysed by a great orb of eyes for 6 turns
 41765 | Vaults:1 | Identified Sif Muna's Disquisition on Lethal Dislocation
                  | (Sif Muna gifted it to you on level 1 of the Vaults)
 41765 | Vaults:1 | Received a gift from Sif Muna
 42154 | Vaults:1 | Noticed Saint Roka
 42164 | Vaults:1 | Killed Saint Roka
 42555 | Vaults:2 | Found Osmimul's Antique Weapon Boutique.
 42689 | Vaults:2 | Reached skill level 15 in Fire Magic
 42696 | Vaults:2 | Reached skill level 1 in Transmutations
 43059 | Vaults:2 | Identified the ring of Roghu {AC+4 Dex+4} (You acquired it
                  | on level 2 of the Vaults)
 43167 | Vaults:2 | Reached skill level 16 in Conjurations
 43337 | Vaults:2 | Reached skill level 15 in Spellcasting
 43414 | Vaults:2 | Found a staircase to the Crypt.
 43723 | Vaults:2 | Reached XP level 19. HP: 93/138 MP: 0/38
 44165 | Vaults:3 | Noticed Mennas
 44268 | Vaults:3 | Noticed Sojobo
 44285 | Vaults:3 | Killed Sojobo
 44320 | Vaults:3 | Identified Sif Muna's Incunabulum of Transmutation and Cold
                  | (Sif Muna gifted it to you on level 3 of the Vaults)
 44320 | Vaults:3 | Received a gift from Sif Muna
 45524 | Vaults:1 | Learned a level 6 spell: Freezing Cloud
 45746 | Elf:1    | Entered Level 1 of the Elven Halls
 45778 | Elf:1    | Found a flickering gateway to a bazaar.
 45814 | Bazaar   | Entered a bazaar
 45814 | Bazaar   | Found Qoulugh's Antique Armour Emporium.
 45814 | Bazaar   | Found Axtowk's Jewellery Emporium.
 45830 | Bazaar   | Bought a shadowed robe for 136 gold pieces
 45830 | Bazaar   | Bought a steaming robe for 136 gold pieces
 45844 | Bazaar   | Found Fezez's General Store.
 45852 | Bazaar   | Found Ohozxel's Distillery.
 45863 | Bazaar   | Found Honwiali's Antique Weapon Boutique.
 45871 | Bazaar   | Bought a scorched scimitar for 252 gold pieces
 45871 | Bazaar   | Bought a translucent war axe for 238 gold pieces
 45871 | Bazaar   | Bought an iridescent falchion for 224 gold pieces
 45882 | Bazaar   | Bought a potion of haste for 120 gold pieces
 45882 | Bazaar   | Bought a potion of heal wounds for 60 gold pieces
 45882 | Bazaar   | Bought a potion of curing for 36 gold pieces
 45890 | Bazaar   | Bought a scroll of identify for 18 gold pieces
 45890 | Bazaar   | Bought a potion of heal wounds for 45 gold pieces
 45890 | Bazaar   | Bought a potion of curing for 27 gold pieces
 45890 | Bazaar   | Bought a scroll of magic mapping for 31 gold pieces
 45912 | Elf:1    | Identified the +4 scimitar of Impatience {flame, rF+ rC+
                  | Str+2} (You bought it in a shop in a bazaar)
 45913 | Elf:1    | Identified the +6 war axe "Conservator" {pain, rElec Str+2}
                  | (You bought it in a shop in a bazaar)
 45914 | Elf:1    | Identified the +2 falchion of Wisdom {protect, rC+} (You
                  | bought it in a shop in a bazaar)
 45915 | Elf:1    | Identified the +1 robe "Dooxtad" {rF+ rN+++ Str-3 SInv}
                  | (You bought it in a shop in a bazaar)
 45916 | Elf:1    | Identified the +0 robe of Heresy {Str+6 Int+3} (You bought
                  | it in a shop in a bazaar)
 45923 | Elf:1    | Reached skill level 1 in Air Magic
 45940 | Elf:1    | Reached skill level 1 in Ice Magic
 46681 | Elf:2    | Received a gift from Sif Muna
 47091 | Elf:2    | Found a runed translucent gate.
 47091 | Elf:2    | Found a runed translucent gate.
 47092 | Elf:2    | Found a runed translucent gate.
 47535 | Elf:2    | Reached XP level 20. HP: 145/145 MP: 7/39
 48012 | Elf:3    | Entered Level 3 of the Elven Halls
 48043 | Elf:3    | Identified Sif Muna's Handbook of the Scorching Mountains
                  | (Sif Muna gifted it to you on level 3 of the Elven Halls)
 48043 | Elf:3    | Received a gift from Sif Muna
 48625 | Elf:3    | Identified the cursed +1 ring mail of Divine Compulsion
                  | {rElec}
 48756 | Elf:3    | Found a runed translucent gate.
 48756 | Elf:3    | Found a runed translucent gate.
 48756 | Elf:3    | Found a runed translucent gate.
 48756 | Elf:3    | Noticed Piu's ghost (adept GnIE)
 48769 | Elf:3    | Killed Piu's ghost
 48777 | Elf:3    | Identified the +5 rapier "Westruil" {vorpal, Str+2 Int+5}
                  | (You found it on level 3 of the Elven Halls)
 48864 | Elf:3    | Reached skill level 17 in Conjurations
 48868 | Elf:3    | Identified the +10 spear of Contradiction {vorpal, rF+}
 49047 | Elf:3    | Reached skill level 5 in Air Magic
 49749 | Elf:3    | Reached skill level 5 in Ice Magic
 49796 | Elf:3    | Identified the +11 mace of Bir Nusm {venom, +Blink rPois
                  | Dex+7 Stlth-}
 50041 | Elf:3    | Identified the cursed +1 falchion "Xiluywuv" {antimagic,
                  | -Tele MR+ Str+4 Int+4}
 50115 | Elf:3    | Identified the +1 falchion of Bloody Death {vorpal, rPois
                  | rC+ Dex+2}
 50245 | Elf:3    | Identified the Handbook of Protection and the Volcanoes
 50813 | Spider:4 | Reached skill level 10 in Fighting
 50968 | Spider:4 | Reached skill level 5 in Transmutations
 51481 | Spider:4 | Got a gossamer rune of Zot
 51842 | Depths:1 | Entered Level 1 of the Depths
 51859 | Depths:1 | Paralysed by a great orb of eyes for 4 turns
 52478 | Depths:1 | Gained mutation: You are somewhat able to resist unholy
                  | torments (1 in 2 success). [demonic ancestry]
 52478 | Depths:1 | Reached XP level 21. HP: 85/153 MP: 12/41
 52723 | Depths:1 | Found an ancient bone altar of Kikubaaqudgha.
 52725 | Depths:1 | Identified Sif Muna's Second Course in Sorcery (Sif Muna
                  | gifted it to you on level 1 of the Depths)
 52725 | Depths:1 | Received a gift from Sif Muna
 52731 | Depths:1 | Found a shimmering altar of Xom.
 52731 | Depths:1 | Found an opulent altar of Gozag.
 52736 | Depths:1 | Found a sparkling altar of Nemelex Xobeh.
 52736 | Depths:1 | Found a burning altar of Makhleb.
 52736 | Depths:1 | Found a bloodstained altar of Trog.
 53445 | Depths:1 | Found a gateway to Hell.
 55186 | Depths:2 | Found a runed translucent door.
 55947 | Depths:2 | Noticed a caustic shrike
 56007 | Depths:2 | Killed a caustic shrike
 56039 | Depths:2 | Identified the +10 long sword of the Living Dead {elec,
                  | Dex+2}
 56552 | Depths:2 | Paralysed by something for 4 turns
 56556 | Depths:2 | Demolished by a vampire knight

Levels and vault maps discovered:
D:1:      sevenhm_arrival_forest_fort_small_3, layout_basic
D:2:      layout_basic, cheibriados_altar_1, chequers_serial_rivers_small_b
D:3:      layout_basic, bloody_trog
D:4:      layout_rooms, makhleb_heckhound_becter, temple_doors_ab, serial_shops,
          kennysheep_mini, shop, shop, first_ration, grunt_ministairs_3
D:5:      layout_loops_ring, cheibrodos_sewer_entry_sluice,
          gammafunk_ghost_necromancy, grunt_ministairs_6,
          nicolae_ru_great_annihilating_truth
D:6:      layout_basic, yredelemnul_altar_generic, grunt_ministairs_14,
          uniq_sigmund
D:7:      minmay_chambers_of_sixes, layout_loops_ring, serial_shops,
          nicolae_shop_overgrown_old_shop, uniq_joseph
D:8:      layout_basic, ebering_ghost_disaster_area
D:9:      layout_rooms, okawaru_gym_becter, old_standard_altar,
          david_lair_generic, serial_shops, shop, grunt_livestock
D:10:     cheibrodos_frozen_isle, layout_stronghold, orc_0_dummy, uniq_erolcha,
          uniq_fannar
D:11:     layout_roguey
D:12:     minmay_open_boxes_in_corner, layout_cave_pools,
          minmay_misc_feat_hallway, uniq_frances
D:13:     layout_stronghold, skrybe_vaults_entry_preservation, uniq_sonja
D:14:     layout_basic, corexii_leaking_fountain, kennysheep_flooded_box,
          uniq_snorg
D:15:     grunt_enter_depths_snipers, layout_cave_pools, minmay_hedge_maze,
          ebering_ghost_disaster_area, minmay_fractal_squares_diagonal_5
Temple:   lightli_temple_of_artemis
Lair:1:   layout_regular_city
Lair:2:   layout_gridlike, nicolae_spider_entry_orb_guardian, special_room
          [special_room_bee], serial_bayou_shore_a, serial_bayou_shore_b,
          minmay_lair_oklob_chamber, infiniplex_staircase_pool
Lair:3:   layout_small_grid, minmay_swamp_entry_worms,
          ebering_ghost_rock_garden, uniq_urug
Lair:4:   layout_regular_city, grunt_megastairs_2
Lair:5:   layout_regular_city
Lair:6:   evilmike_catoblepas_cave, layout_misc_corridors, slime_altar_1
Swamp:1:  layout_falls_marsh, evilmike_swamp_ruin_rubble_1, swamp_pool5,
          cheibrodos_swamp_kobolds
Swamp:2:  layout_falls_marsh, hangedman_swamp_pad
Swamp:3:  layout_basic_swamp, nicolae_swamp_little_tower
Swamp:4:  swamp_basic_johnstein, layout_basic_swamp
Spider:1: layout_spider_delve, ebering_ghost_disaster_area,
          spiders_nest_spider_trap
Spider:2: layout_spider_delve, hangedman_spider_tarantella_strand, uniq_arachne
Spider:3: layout_spider_delve, uniq_kirke
Spider:4: guppyfry_spider_rune, nicolae_spider_circle_web
Orc:1:    layout_caves, guppyfry_orc_lava_fort
Orc:2:    st_orc_mages, layout_diamond_mine, portal_ice_cave_entry_pillars_2,
          maelrawn_ghost_gauntlet_escape
Elf:1:    eino_elf_arrival_the_gate, layout_gridlike, serial_shops,
          bzr_entry_dummy, minivault_28
Elf:2:    layout_geoelf_diagonals
Elf:3:    minmay_elf_hall_quartered_circle, layout_geoelf_diagonals,
          ebering_ghost_rock_garden, drop_trap, st_stairs_12
Vaults:1: nicolae_vaults_network_s, nicolae_vaults_mini_display_case, v_misc_5,
          v_misc_13, v_rooms_6, nicolae_vaults_specimen_jars,
          nicolae_vaults_three_branches, hangedman_vaults_trim,
          layout_vaults_omnigrid, uniq_saint_roka
Vaults:2: nicolae_vaults_little_squares_4, v_misc_26, vaults_room_hallway,
          hangedman_vaults_nodes, v_rooms_1, vaults_room_pools,
          ontoclasm_vaults_hangar, nicolae_vaults_little_squares_1,
          st_more_cells, v_misc_16, nicolae_vaults_little_squares_2,
          vaults_room_door_ring, layout_vaults_maze_snakey,
          blue_anna_dwarven_crypt, serial_shops, nicolae_shop_overgrown_old_shop
Vaults:3: v_alt_pattern_2, hangedman_vaults_stagger, ontoclasm_vaults_gateway,
          v_misc_2, nicolae_vaults_network_quincunx
          [nicolae_vaults_network_quincunx_subvault,
          nicolae_vaults_network_quincunx_subvault,
          nicolae_vaults_network_quincunx_subvault,
          nicolae_vaults_network_quincunx_subvault,
          nicolae_vaults_network_quincunx_subvault], hangedman_vaults_cutoff,
          v_pattern_4, nicolae_vaults_circle_grid_a, nicolae_vaults_theta,
          grunt_vaults_bifocal, v_misc_15, nicolae_vaults_gold_heap,
          ontoclasm_vaults_twist, nicolae_vaults_rhombus_5,
          layout_vaults_omnibox, uniq_sojobo, uniq_mennas
Depths:1: layout_small_grid, minmay_misc_feat_iff, pf_hell_entry_tar_river,
          st_stairs_1, grunt_decor_clamped, hangedman_decor_slide_cut,
          serial_sigils_hangedman_gnaw, doesnt_xom_only_xom
Depths:2: box_level_dp, hell_entry

Skill      XL: |  1  2  3  4  5  6  7  8  9 10 11 12 13 14 15 16 17 18 19 20 21 |
---------------+----------------------------------------------------------------+-----
Fire Magic     | 3 4 5 6 8 9 10 11 12 13 14 15 16 | 16.4
Conjurations   | 2 3 4 5 6 8 9 10 11 12 13 14 15 16 17 | 17.8
Spellcasting   | 3 4 5 6 7 9 10 11 12 13 14 15 16 | 16.7
Shields        | 1 4 |  4.0
Invocations    | 1 4 6 7 9 10 11 12 13 14 | 14.3
Evocations     | 1 3 4 5 6 7 8 |  8.0
Dodging        | 3 4 5 6 7 8 9 |  9.9
Fighting       | 2 4 5 6 7 8 9 10 | 10.6
Earth Magic    | 2 3 5 6 |  6.0
Charms         | 3 6 7 8 |  8.0
Transmutations | 1 3 5 |  5.0
Air Magic      | 3 5 7 |  7.0
Ice Magic      | 3 5 7 |  7.0
Stealth        | |  1.7

Action                   |  1- 3 |  4- 6 |  7- 9 | 10-12 | 13-15 | 16-18 | 19-21 || total
-------------------------+-------+-------+-------+-------+-------+-------+-------++-------
Melee: Unarmed           |     3 |       |       |       |       |       |       ||     3
       Whip              |    32 |    22 |       |       |       |       |       ||    54
       Mace              |       |    40 |    83 |    85 |   124 |       |       ||   332
       Demon trident     |       |       |       |       |   333 |   232 |   267 ||   832
 Cast: Foxfire           |    60 |   125 |   217 |   233 |   227 |    60 |     3 ||   925
       Sticky Flame      |       |     2 |    25 |    68 |   140 |    49 |    29 ||   313
       Fireball          |       |       |     7 |    77 |   210 |   383 |   224 ||   901
       Iskenderun's Batt |       |       |       |     1 |     6 |     3 |     3 ||    13
       Orb of Destructio |       |       |       |       |    13 |    18 |    16 ||    47
       Iron Shot         |       |       |       |       |    13 |    49 |   175 ||   237
       Starburst         |       |       |       |       |       |    57 |    62 ||   119
       Irradiate         |       |       |       |       |       |     8 |    16 ||    24
       Freezing Cloud    |       |       |       |       |       |       |    61 ||    61
Invok: Channel Magic     |       |       |       |     5 |    13 |    26 |    23 ||    67
Evoke: Wand              |       |       |       |       |     2 |       |       ||     2
  Use: Scroll            |       |     8 |     4 |    16 |    15 |    12 |    11 ||    66
       Potion            |       |       |     2 |     4 |     2 |     6 |     6 ||    20
 Stab: Distracted        |       |       |       |       |     2 |     2 |       ||     4
       Sleeping          |       |       |       |       |     4 |     3 |     1 ||     8
  Eat: Chunk             |     2 |     7 |    27 |    35 |    66 |    30 |    46 ||   213
       Ration            |       |       |       |       |       |     7 |     2 ||     9
Armor: Robe              |    11 |    10 |    43 |    60 |    63 |    40 |    25 ||   252
       Leather armour    |       |    17 |    10 |       |       |       |       ||    27
Dodge: Dodged            |    40 |    70 |    97 |   159 |   474 |   424 |   384 ||  1648
       Deflected         |       |       |       |       |    39 |    16 |    50 ||   105
Block: Buckler           |       |       |       |    20 |   265 |   169 |   174 ||   628

Table legend:
 A = Non-vault XP
 B = Vault XP
 C = Vault XP percentage of total XP
 D = Non-vault monster count
 E = Vault monster count
 F = Vault count percentage of total count
                 A         B        C        D         E       F
            +---------+---------+-------+---------+---------+-------
      Total |  387095 |  307167 |  44.2 |    1182 |     560 |  32.1
            +---------+---------+-------+---------+---------+-------
        D:1 |      52 |       0 |   0.0 |      29 |       0 |   0.0
        D:2 |     106 |       0 |   0.0 |      32 |       0 |   0.0
        D:3 |     195 |       0 |   0.0 |      25 |       0 |   0.0
        D:4 |     208 |      98 |  32.0 |      16 |       4 |  20.0
        D:5 |     392 |     595 |  60.3 |      17 |      13 |  43.3
        D:6 |     788 |     412 |  34.3 |      18 |       3 |  14.3
        D:7 |    1100 |    1367 |  55.4 |      26 |       6 |  18.8
        D:8 |    3561 |     668 |  15.8 |      41 |       2 |   4.7
        D:9 |    2979 |    1716 |  36.5 |      22 |       8 |  26.7
       D:10 |    1901 |    4406 |  69.9 |      14 |      15 |  51.7
       D:11 |    3847 |       0 |   0.0 |      28 |       0 |   0.0
       D:12 |    4752 |    5601 |  54.1 |      28 |       9 |  24.3
       D:13 |   13369 |    6112 |  31.4 |      49 |       9 |  15.5
       D:14 |    8458 |    1078 |  11.3 |      22 |       1 |   4.3
       D:15 |    5597 |   11523 |  67.3 |      17 |      13 |  43.3
     Lair:1 |    3782 |       0 |   0.0 |      15 |       0 |   0.0
     Lair:2 |    1939 |    3089 |  61.4 |      12 |      24 |  66.7
     Lair:3 |    5735 |    2582 |  31.0 |      27 |       4 |  12.9
     Lair:4 |    4477 |    1061 |  19.2 |      21 |       4 |  16.0
     Lair:5 |    4129 |       0 |   0.0 |      14 |       0 |   0.0
     Lair:6 |   12940 |   12298 |  48.7 |      45 |      23 |  33.8
    Swamp:1 |    9821 |     798 |   7.5 |      27 |       2 |   6.9
    Swamp:2 |    9445 |       0 |   0.0 |      22 |       0 |   0.0
    Swamp:3 |   21274 |       0 |   0.0 |      31 |       0 |   0.0
    Swamp:4 |   10909 |   18933 |  63.4 |      29 |      33 |  53.2
   Spider:1 |   13587 |    4353 |  24.3 |      41 |       9 |  18.0
   Spider:2 |   10183 |    3240 |  24.1 |      32 |       2 |   5.9
   Spider:3 |    8584 |    5478 |  39.0 |      27 |       7 |  20.6
   Spider:4 |   17741 |   23227 |  56.7 |      52 |      39 |  42.9
      Orc:1 |    3781 |    3156 |  45.5 |      36 |      15 |  29.4
      Orc:2 |    4167 |    7437 |  64.1 |      39 |      48 |  55.2
      Elf:1 |   15398 |    8278 |  35.0 |      30 |      16 |  34.8
      Elf:2 |   24804 |   23887 |  49.1 |      49 |      29 |  37.2
      Elf:3 |   18356 |   49288 |  72.9 |      31 |      34 |  52.3
   Vaults:1 |   21320 |   20867 |  49.5 |      29 |      38 |  56.7
   Vaults:2 |   25259 |   21456 |  45.9 |      57 |      31 |  35.2
   Vaults:3 |   18991 |   12982 |  40.6 |      36 |       8 |  18.2
   Depths:1 |   33077 |    3757 |  10.2 |      43 |       7 |  14.0
   Depths:2 |   40091 |   42356 |  51.4 |      53 |      58 |  52.3
      Sewer |       0 |     183 | 100.0 |       0 |      17 | 100.0
      IceCv |       0 |    4885 | 100.0 |       0 |      29 | 100.0
            +---------+---------+-------+---------+---------+-------
